Map: Cerulean Fall LE

Players

Taldan

  • Race: Protoss Protoss
  • Spawn Location: 1:00

EndOfLine - Winner!

  • Race: Zerg Zerg
  • League: Master
  • Spawn Location: 7:00

Event: Cheeseadelphia 8

VOD

Have the link to the VOD?

Description

Time

  • Played on: Dec. 8, 2018, 11:23 a.m.
  • Length: 5:22

All games in this series

Show
View Real Time Build Order
Export as new Build Order

Taldan Protoss 

Build Orders: Cannon Rush, Double Forge 

Get SALT Encoding   

  12  0:00  Probe  
  13  0:12  Probe  
  14  0:23  Pylon  
  14  0:24  Probe  
  15  0:41  Forge  
  15  0:42  Probe  
  16  0:55  Pylon  
  16  1:07  Probe  
  16  1:10  Assimilator  
  17  1:16  Gateway  
  17  1:19  Photon Cannon  
  17  1:32  Photon Cannon  
  17  1:45  Photon Cannon  
  17  1:53  Forge  
  17  1:59  Probe  
  18  2:06  Cybernetics Core  
  18  2:08  Probe  
  18  2:10  Assimilator  
  19  2:16  Probe  
  20  2:25  Probe  
  20  2:27  Assimilator  
  21  2:37  Probe  
  22  2:45  Probe  
  22  2:46  Adept  
  25  2:53  Probe  
  25  2:54  Shield Battery  
  26  3:04  Probe  
  26  3:10  Robotics Facility  
  27  3:16  Probe  
  28  3:24  Stalker  
  30  3:41  Pylon  
  30  3:51  Immortal  
  30  4:00  Pylon  
  34  4:12  Photon Cannon  
  34  4:13  Photon Cannon  
  34  4:19  Shield Battery  
  34  4:24  Stalker  
  34  4:25  Pylon  
  34  4:29  Photon Cannon  
  32  4:42  Shield Battery  
Show
View Real Time Build Order
Export as new Build Order

EndOfLine Zerg - Winner!

Build Orders: Pool First 

Get SALT Encoding   

  12  0:18  Spawning Pool  
  11  0:23  Drone  
  11  0:27  Drone  
  13  0:32  Drone  
  14  0:40  Overlord  
  14  1:04  Queen  
  14  1:07  Zergling x6  
  19  1:30  Hatchery  
  18  1:39  Drone x2  
  20  1:48  Drone  
  20  1:59  Queen  
  21  2:06  Overlord  
  21  2:31  Drone x2  
  21  2:32  Drone  
  24  2:47  Drone x2  
  26  2:51  Spine Crawler  
  26  2:52  Spine Crawler x2  
  23  2:58  Spine Crawler  
  23  2:59  Spine Crawler  
  23  3:03  Spine Crawler  
  20  3:11  Overlord  
  20  3:13  Drone  
  20  3:18  Drone  
  22  3:20  Zergling x2  
  24  3:27  Zergling x4  
  24  3:30  Zergling x2  
  26  3:37  Zergling x2  
  26  3:41  Zergling x2  
  26  3:42  Zergling x2  
  28  3:53  Zergling x4  
  30  4:03  Zergling x6  
  33  4:14  Zergling x6  
  33  4:15  Zergling x2  
  35  4:19  Zergling x2  
  32  4:25  Zergling x2  
  32  4:28  Queen  
  31  4:40  Zergling x4  
  31  4:44  Zergling x2  
  31  4:47  Zergling x2  
  29  4:54  Zergling x2  
  29  4:57  Zergling x2  
Tags
 
Add a new tag
Caveats
  • Supply blocks, unpowered buildings, or Contaminate may cause inaccurate times.
  • Supply counts are checked every 10 seconds.